 Dungeon Crawl Stone Soup version 0.23-a0-690-g0a1fc62c7c (webtiles) character file.

1911 KarmaPolice the Covert (level 8, -8/64 HPs)
             Began as a Vampire Assassin on July 20, 2018.
             Shot with an arrow by a centaur (18 damage)
             ... on level 7 of the Dungeon on Jan 11, 2019.
             The game lasted 00:42:08 (10156 turns).

KarmaPolice the Covert (Vampire Assassin)          Turns: 10156, Time: 00:42:09

Health: -8/64      AC:  5    Str: 11    XL:     8   Next: 95%
Magic:  10/10      EV: 12    Int: 14    God:
Gold:   386        SH:  0    Dex: 16    Spells: 7/7 levels left

rFire    . . .     SeeInvis +   B - +2 short sword (drain)
rCold    + + .     Gourm    .   (no shield)
rNeg     + + .     Faith    .   y - +2 robe {rC+}
rPois    +         Spirit   .   (no helmet)
rElec    .         Reflect  .   d - +0 cloak
rCorr    .         Harm     .   (no gloves)
MR       .....                  (no boots)
Stlth    +++++.....             (no amulet)
HPRegen  0.10/turn              (no ring)
MPRegen  0.12/turn              (no ring)

@: marked, regenerating slowly
A: fangs 3, see invisible, unbreathing
a: Bat Form


You were on level 7 of the Dungeon.
You were very thirsty.

You visited 1 branch of the dungeon, and saw 7 of its levels.

You collected 386 gold pieces.

Inventory:

Hand Weapons
 b - a +0 blowgun
 B - a +2 short sword of draining (weapon)
 D - a +1 vampiric dagger
 J - a +1 hunting sling of freezing
Missiles
 e - 51 poisoned needles
 f - a curare-tipped needle
 r - a throwing net (quivered)
Armour
 d - a +0 cloak (worn)
 n - a cursed +0 ring mail
 x - a cursed +0 robe
 y - a +2 robe of cold resistance (worn)
 F - a +0 pair of boots
Jewellery
 a - a +1 ring of protection {unknown}
 i - a cursed ring of teleportation
 C - an uncursed ring of fire {unknown}
 H - an uncursed ring of stealth {unknown}
Wands
 A - a wand of iceblast (7)
 G - a wand of random effects (12)
Scrolls
 h - 2 scrolls of remove curse
 k - 5 scrolls of identify
 m - 2 scrolls of fog {unknown}
 p - a scroll of amnesia {unknown}
 q - 2 scrolls of blinking
 t - a scroll of magic mapping {unknown}
 u - a scroll of noise {unknown}
 v - 2 scrolls of teleportation
 w - a scroll of random uselessness {unknown}
Potions
 c - 2 potions of haste
 g - 4 potions of blood
 j - a potion of heal wounds {unknown}
 l - 2 potions of magic {unknown}
 o - 3 potions of mutation {unknown}
 s - 3 potions of might
 z - a potion of invisibility {unknown}
 E - 2 potions of agility {unknown}
 I - 2 potions of ambrosia
 K - a potion of berserk rage {unknown}


   Skills:
 + Level 6.1 Fighting
 + Level 7.4 Short Blades
 - Level 4.1 Throwing
 - Level 0.2 Armour
 - Level 1.1 Dodging
 + Level 8.4 Stealth
 + Level 3.1 Evocations


You had 7 spell levels left.
You didn't know any spells.
Your spell library was empty.

Dungeon Overview and Level Annotations

Branches:
Dungeon (7/15)             Temple (0/1) D:5

Altars:
Cheibriados
Dithmenos
Gozag
Makhleb
Nemelex Xobeh
Qazlal
Ru
Sif Muna
Uskayaw
Vehumet
Wu Jian
Xom

Shops:
D:6 :

Annotations:
D:4 derval's ghost, novice MfIE
D:5 exclusion: oklob sapling
D:6 Menkaure


Innate Abilities, Weirdness & Mutations

You heal slowly.
You have razor-sharp teeth.
You have supernaturally acute eyesight. (SInv)
You can survive without breathing.


Message History

You kill the orc!
The quokka misses you.
You hit the quokka.
The quokka is severely wounded.
The quokka bites you.
You barely miss the quokka.
The quokka is severely wounded.
You hit the quokka.
You kill the quokka!
A centaur comes into view. It is wielding a +0 quarterstaff.
The centaur unwields a +0 quarterstaff.
The centaur wields a +0 shortbow.
The centaur shoots an arrow.
The arrow hits you!
You see here an arrow.
The centaur shoots an arrow.
The arrow hits you!
You see here an arrow.
The centaur shoots an arrow.
The arrow hits you!
* * * LOW HITPOINT WARNING * * *
You see here an arrow.
The centaur shoots an arrow.
The arrow hits you!!
You die...

#..).#.# .....
#....#.# .....
#%...#.# .....
#....#.######## ####.
##............# #.
#............# #.
#............# #.
#......()....# #.
#...@((......# #.
#.c..........# #.
#..............# #.
##.............# #.
#.............# #.
##............# ##
#..##.###############
##. #.# #######......
.............


You could see a centaur.

Vanquished Creatures
  Sigmund (D:4)
  An ice beast (D:7)
  3 sky beasts
  A black bear (D:6)
  2 centaurs
  A big kobold (D:4)
  3 bullfrogs
  A scorpion (D:6)
  A howler monkey (D:6)
  A bullfrog zombie (D:6)
  2 jellies
  An orc priest (D:5)
  2 bullfrog skeletons
  3 hounds
  3 orc wizards (D:5)
  Jessica (D:1)
  2 iguanas
  5 worker ants
  A killer bee zombie (D:5)
  A hound skeleton (D:4)
  A hound zombie (D:5)
  5 adders
  A shadow imp (D:6)
  An ooze (D:3)
  An adder skeleton (D:6)
  4 worms
  2 dart slugs
  3 leopard geckos
  10 orcs
  7 bats
  5 giant cockroaches
  6 goblins
  9 hobgoblins
  8 jackals
  16 kobolds
  3 quokkas
  A ball python (D:6)
  6 frilled lizards
  A leopard gecko skeleton (D:4)
  9 rats
135 creatures vanquished.

Vanquished Creatures (others)
  A plant (D:5)
1 creature vanquished.

Grand Total: 136 creatures vanquished

Notes
Turn   | Place    | Note
-------+----------+-------------------------------------------
     0 | D:1      | KarmaPolice the Vampire Assassin began the quest for the
                  | Orb.
     0 | D:1      | Reached XP level 1. HP: 16/16 MP: 1/1
     0 | D:1      | Upgraded the game from 0.22-a0-785-g6253c82ace to
                  | 0.22-a0-845-g8bfc27d406
   140 | D:1      | Upgraded the game from 0.22-a0-845-g8bfc27d406 to
                  | 0.23-a0-385-gb2d581486a
   430 | D:1      | Reached XP level 2. HP: 22/22 MP: 2/2
   940 | D:2      | Noticed Jessica
   957 | D:1      | Reached XP level 3. HP: 27/27 MP: 3/3
   976 | D:1      | Killed Jessica
  1485 | D:2      | Reached XP level 4. HP: 34/34 MP: 1/4
  1517 | D:2      | Found a sparkling altar of Nemelex Xobeh.
  1854 | D:2      | Found a shimmering altar of Xom.
  2048 | D:2      | Found an opulent altar of Gozag.
  2048 | D:2      | Found a shadowy altar of Dithmenos.
  2050 | D:2      | Found a hide-covered altar of Uskayaw.
  2050 | D:2      | Found an ornate altar of the Wu Jian Council.
  2050 | D:2      | Found a shimmering altar of Xom.
  2775 | D:3      | Noticed a fire elemental
  2777 | D:3      | Found a stormy altar of Qazlal.
  2778 | D:3      | Noticed an earth elemental
  2778 | D:3      | Noticed an air elemental
  2778 | D:3      | Noticed a water elemental
  3267 | D:4      | Reached XP level 5. HP: 41/41 MP: 5/5
  3368 | D:4      | Found a runed door.
  3372 | D:4      | Noticed derval's ghost (novice MfIE)
  3534 | D:4      | Found a radiant altar of Vehumet.
  3782 | D:4      | Noticed Sigmund
  3848 | D:4      | Killed Sigmund
  3848 | D:4      | Reached XP level 6. HP: 17/48 MP: 6/6
  4169 | D:4      | Found a sacrificial altar of Ru.
  4195 | D:4      | Found a deep blue altar of Sif Muna.
  4195 | D:4      | Found an opulent altar of Gozag.
  4197 | D:4      | Found a burning altar of Makhleb.
  4686 | D:5      | Entered Level 5 of the Dungeon
  4707 | D:5      | Reached skill level 5 in Short Blades
  4770 | D:5      | Upgraded the game from 0.23-a0-385-gb2d581486a to
                  | 0.23-a0-494-g91793a9df2
  5103 | D:5      | Reached XP level 7. HP: 45/54 MP: 7/7
  5237 | D:5      | Found a staircase to the Ecumenical Temple.
  5241 | D:5      | Found a snail-covered altar of Cheibriados.
  5250 | D:5      | Got a dazzling short sword
  5497 | D:4      | Identified the +9 short sword of Traps {pierce, *Contam
                  | rPois rC+ Dex+4} (You found it on level 5 of the Dungeon)
  5996 | D:5      | Found an ornate altar of the Wu Jian Council.
  6472 | D:5      | Reached skill level 5 in Fighting
  6473 | D:5      | Upgraded the game from 0.23-a0-494-g91793a9df2 to
                  | 0.23-a0-666-g28d4f2f0af
  6563 | D:5      | Reached skill level 6 in Stealth
  6843 | D:5      | Identified the +4 robe "Vuiryuvo" {*Contam rPois Dex+6
                  | SInv}
  6988 | D:5      | Reached XP level 8. HP: 37/62 MP: 6/8
  7327 | D:6      | Found a snail-covered altar of Cheibriados.
  7861 | D:6      | Reached skill level 1 in Evocations
  7870 | D:6      | Noticed Menkaure
  8032 | D:6      | Upgraded the game from 0.23-a0-666-g28d4f2f0af to
                  | 0.23-a0-690-g0a1fc62c7c
  8053 | D:6      | Found Orronaps's Book Emporium.
  8237 | D:6      | Reached skill level 7 in Stealth
 10001 | D:7      | Reached skill level 8 in Stealth
 10156 | D:7      | Shot with an arrow by a centaur

Vault maps used:
D:1:      dpeg_arrival_castle
D:2:      doesnt_xom_only_xom, first_ration, hex_medium,
          nemelex_diamond_rough_becter, uniq_jessica
D:3:      nicolae_qazlal_style_of_elements
D:4:      kennysheep_mini_moat, nicolae_overflow_hidden_temple,
          ebering_ghost_reflecting_pool, nicolae_ru_path_of_blood, uniq_sigmund
D:5:      lemuel_coloured_pillars_altar, lemuel_crystal_altar,
          minmay_temple_entry_oklob
D:6:      serial_shops, shop, minmay_ruined_shrine, uniq_menkaure

Skill      XL: |  1  2  3  4  5  6  7  8 |
---------------+-------------------------+-----
Fighting       | 2 3 4 5 6 |  6.1
Throwing       | 2 3 4 |  4.1
Short Blades   | 3 4 5 6 7 |  7.4
Stealth        | 6 8 |  8.4
Evocations     | 3 |  3.1
Armour         | |  0.2
Dodging        | |  1.1

Action                   |  1- 3 |  4- 6 |  7- 9 || total
-------------------------+-------+-------+-------++-------
Melee: Dagger            |    70 |   112 |    30 ||   212
       Bite              |     9 |    15 |    22 ||    46
       Unarmed           |       |    32 |     8 ||    40
       Short sword       |       |       |   176 ||   176
 Fire: Blowgun           |     7 |    43 |    11 ||    61
Throw: Throwing net      |       |       |     1 ||     1
 Abil: End Transformatio |     3 |    23 |    30 ||    56
       Bat Form          |     3 |    23 |    30 ||    56
  Use: Potion            |     1 |     2 |     5 ||     8
       Scroll            |       |       |     7 ||     7
 Stab: Sleeping          |     7 |    19 |    12 ||    38
       Distracted        |       |       |     2 ||     2
  Eat: Corpse            |       |     3 |     5 ||     8
Armor: Robe              |     8 |    23 |    42 ||    73
Dodge: Dodged            |    37 |    82 |   142 ||   261

Table legend:
 A = Non-vault XP
 B = Vault XP
 C = Vault XP percentage of total XP
 D = Non-vault monster count
 E = Vault monster count
 F = Vault count percentage of total count
                 A         B        C        D         E       F
            +---------+---------+-------+---------+---------+-------
      Total |    2286 |     445 |  16.3 |     128 |       7 |   5.2
            +---------+---------+-------+---------+---------+-------
        D:1 |      38 |      37 |  49.3 |      20 |       1 |   4.8
        D:2 |      68 |       0 |   0.0 |      22 |       0 |   0.0
        D:3 |      47 |       0 |   0.0 |      24 |       0 |   0.0
        D:4 |     322 |     223 |  40.9 |      14 |       1 |   6.7
        D:5 |     710 |       0 |   0.0 |      31 |       0 |   0.0
        D:6 |     666 |     185 |  21.7 |      10 |       5 |  33.3
        D:7 |     435 |       0 |   0.0 |       7 |       0 |   0.0
            +---------+---------+-------+---------+---------+-------
